 Dungeon Crawl Stone Soup version 0.28.0 (webtiles) character file.

Game seed: 1284112360854383682

100 Hasart the Digger (level 4, -9/33 HPs)
             Began as a Demigod Earth Elementalist on Feb 17, 2022.
             Killed from afar by Ijyb (14 damage)
             ... with an iceblast
             ... on level 3 of the Dungeon.
             The game lasted 00:04:44 (2754 turns).

Hasart the Digger (Demigod Earth Elementalist)      Turns: 2754, Time: 00:04:45

Health: -9/33      AC:  4    Str:  9    XL:     4   Next: 23%
Magic:  1/10       EV: 12    Int: 21    God:
Gold:   59         SH:  0    Dex: 14    Spells: 4/8 levels left

rFire   . . .      SeeInvis .   d - +0 dagger
rCold   . . .      Faith    .   (no shield)
rNeg    . . .      Spirit   .   b - +1 robe
rPois   .          Reflect  .   j - +0 helmet
rElec   .          Harm     .   (no cloak)
rCorr   .          Rampage  .   (no gloves)
Will    .....                   (no boots)
Stlth   ++........              (no amulet)
HPRegen 0.11/turn               (no ring)
MPRegen 0.12/turn               (no ring)

@: no status effects
A: high MP 1, forlorn, divine attributes
a: no special abilities


You were on level 3 of the Dungeon.
You visited 1 branch of the dungeon, and saw 3 of its levels.

You collected 59 gold pieces.

Inventory:

Hand Weapons
 d - a +0 dagger (weapon)
Missiles
 a - 3 stones
Armour
 b - a +1 robe (worn)
 e - a +0 buckler
 j - a +0 helmet (worn)
Scrolls
 f - a scroll of immolation {unknown}
 h - a scroll of enchant armour
 i - 2 scrolls of identify {unknown}
 k - a scroll of summoning {unknown}
Potions
 c - a potion of curing {unknown}
 g - a potion of berserk rage {unknown}


   Skills:
 - Level 1.7 Dodging
 - Level 1.7 Stealth
 + Level 0.4 Shields
 + Level 2.5 Spellcasting
 * Level 1.5 Conjurations
 - Level 1.7 Transmutations
 + Level 3.4 Earth Magic


You had 4 spell levels left.
You knew the following spells:

 Your Spells              Type           Power      Damage    Failure   Level
a - Sandblast             Erth           34%        2d9       3%          1
b - Stone Arrow           Conj/Erth      26%        3d8       16%         3

Your spell library contained the following spells:

 Spells                   Type           Power      Damage    Failure   Level
 Passwall                 Tmut/Erth      10%        N/A       8%          2
 Animate Skeleton         Necr           4%         N/A       14%         1
 Pain                     Necr           8%         1d4       14%         1
 Ignite Poison            Fire/Tmut/Pois 5%         N/A       32%         3
 Mephitic Cloud           Conj/Pois/Air  4%         N/A       34%         3
 Confusing Touch          Hex            2%         N/A       38%         3
 Vampiric Draining        Necr           2%         2d6       38%         3
 Petrify                  Tmut/Erth      13%        N/A       43%         4
 Yara's Violent Unravell  Hex/Tmut       3%         3d4       95%         5
 Freezing Cloud           Conj/Ice/Air   2%         6-21      97%         5
 Enfeeble                 Hex            1%         N/A       100%        7


Dungeon Overview and Level Annotations

Branches:
Dungeon (3/15)

Annotations:
D:3 Ijyb


Innate Abilities, Weirdness & Mutations

You have an increased reservoir of magic. (+10% MP)
You shall have no god before yourself.
Your divine heritage dramatically boosts your attributes as you level up.


Message History

Casting: Sandblast (safe; 3% risk of failure)
Confirm with . or Enter, or press ? or * to list all spells.
Aiming: Sandblast (safe; 3% risk of failure)
Press: ? - help, Shift-Dir - straight line, f/p - Ijyb
Aim: Ijyb, wielding a +0 club, wearing a +0 chain mail and carrying a wand of iceblast (5) (moderately wounded, 79% to hit)
The blast of sand hits Ijyb but does no damage.
Ijyb is moderately wounded.
a - 4 stones Ijyb barely misses you.
You aren't carrying any items that you can evoke.
Unknown command.
Ijyb zaps a wand.
The mass of ice explodes!
The iceblast engulfs you!
You hear an angry hiss. x2
Ijyb zaps a wand.
The mass of ice explodes!
The iceblast engulfs you!
* * * LOW HITPOINT WARNING * * *
A bat comes into view.
An adder comes into view.
The bat hits you but does no damage. The bat hits you but does no damage.
You barely miss the adder. The adder barely misses you. The adder bites you.
* * * LOW HITPOINT WARNING * * *
Casting: Sandblast (safe; 3% risk of failure)
Confirm with . or Enter, or press ? or * to list all spells.
Aiming: Sandblast (safe; 3% risk of failure)
Press: ? - help, Shift-Dir - straight line, f - adder, p - Ijyb
Aim: an adder (66% to hit)
The blast of sand hits the adder!
You kill the adder!
a - 3 stones The bat closely misses you.
Unknown command.
You hit the bat but do no damage. The bat hits you but does no damage.
Ijyb hits you with a +0 club.
* * * LOW HITPOINT WARNING * * *
The bat barely misses you.
You see here an adder corpse.
The bat closely misses you. The bat barely misses you.
The bat closely misses you.
Ijyb zaps a wand.
The mass of ice explodes!
The iceblast engulfs you!
You die...

≈♣≈≈≈..###...P..P.PP#
≈♣♣♣PP...# #.#...=..P##.
≈≈≈≈PP..g# #..##..P.....
≈≈≈P≈P#..# ##..†.♣...###
P≈P≈≈###.#######g.......
≈P≈P# #.##.............
#### #................
####.............
#.†@.b........
#..<..........
####.##.......
#..##...... ..<# .....
.... ... ....# . ......
#...#


You could see Ijyb and a bat.

Vanquished Creatures
  Robin (D:2)
  2 adders
  A worm (D:3)
  3 dart slugs
  5 ball pythons (D:2)
  2 bats
  2 endoplasms (D:2)
  3 giant cockroaches
  8 goblins
  11 hobgoblins
  3 jackals (D:1)
  2 quokkas
  2 frilled lizards
  7 kobolds
  3 rats
55 creatures vanquished.

Vanquished Creatures (others)
  4 plants (D:3)
4 creatures vanquished.

Grand Total: 59 creatures vanquished

Notes
Turn   | Place    | Note
-------+----------+-------------------------------------------
     0 | D:1      | Hasart the Demigod Earth Elementalist began the quest for
                  | the Orb.
     0 | D:1      | Reached XP level 1. HP: 14/14 MP: 5/5
    61 | D:1      | Reached skill level 1 in Transmutations
   304 | D:1      | Reached XP level 2. HP: 18/20 MP: 5/7
   497 | D:1      | Reached skill level 3 in Earth Magic
   821 | D:1      | HP: 1/20 [kobold (5)]
  1577 | D:2      | Reached XP level 3. HP: 26/26 MP: 6/9
  1581 | D:2      | Learned a level 3 spell: Stone Arrow
  1748 | D:2      | Noticed Robin
  1828 | D:2      | Killed Robin
  1829 | D:2      | Reached skill level 1 in Conjurations
  2469 | D:2      | Reached XP level 4. HP: 33/33 MP: 6/10
  2714 | D:3      | Noticed Ijyb
  2754 | D:3      | Killed from afar by Ijyb

Illustrated notes

Levels and vault maps discovered:
D:1:      dpeg_arrival_ternary, layout_loops_ring, minmay_pentomino_t4
D:2:      layout_basic, uniq_robin
D:3:      layout_rooms, nicolae_yredelemnul_corpse_copse,
          shapermc_ecumenical_altar_mp_highgroup, serial_bayou,
          serial_bayou_pond_a, serial_bayou_lagoon_a, serial_bayou_shore_b,
          serial_bayou_pond_d, serial_bayou_ford_a, serial_bayou_shore_b,
          st_stairs_5, minmay_unequal, uniq_jessica, uniq_sigmund, uniq_natasha,
          uniq_ijyb

Skill      XL: |  1  2  3 |
---------------+----------+-----
Transmutations | 1 |  1.7
Spellcasting   | 2 |  2.5
Earth Magic    | 3 |  3.4
Conjurations   | 1 |  1.5
Dodging        | |  1.7
Stealth        | |  1.7
Shields        | |  0.4

Action                   |  1- 3 |  4- 6 || total
-------------------------+-------+-------++-------
Melee: Dagger            |    92 |     4 ||    96
       Punch             |     1 |       ||     1
 Cast: Sandblast         |    64 |    13 ||    77
       Stone Arrow       |     2 |       ||     2
  Use: Scroll            |     1 |       ||     1
 Stab: Sleeping          |     1 |     1 ||     2
Armor: Robe              |    32 |     3 ||    35
Dodge: Dodged            |    74 |    10 ||    84
